[Event "Titled Tuesday Blitz December 20 Late 2022"]
[White "Veiga, Jose Francisco R P Neves"]
[Black "Muhammad, Shahzeb"]
[WhiteFideId "1930087"]
[BlackFideId "7804806"]
[WhiteElo "2320"]
[BlackElo "2397"]
[Result "1-0"]
[Round "08"]
[TimeControl "180+1"]
[Date "2022.12.21"]
[WhiteClock "0:01:30"]
[BlackClock "0:00:05"]

1. e4 d5 2. exd5 Nf6 3. Nf3 Nxd5 4. d4 g6 5. c4 Nb6 6. c5 N6d7 7. Bc4 Bg7 8. O-O O-O 9. Nc3 e5 10. Bg5 Bf6 11. Bxf6 Qxf6 12. Nd5 Qd8 13. Nxe5 Nc6 14. Nxc6 bxc6 15. Nc3 Nf6 16. Qa4 Kg7 17. Rad1 Bd7 18. Rfe1 Re8 19. Qc2 Qb8 20. h3 Qb4 21. Ne2 Rab8 22. Bb3 Bf5 23. Qc3 Qb7 24. g4 Be4 25. d5 h6 26. d6 Bd5 27. Bxd5 cxd5 28. d7 Re7 29. c6 Qb6 30. Nf4 Rxe1+ 31. Rxe1 d4 32. Qc4 Qa5 33. Re7 Qd2 34. Qxf7+ 1-0


[Site "https://www.chess.com"]

[Event "Titled Tuesday Blitz December 20 Late 2022"]
[White "Yedidia, Daniel"]
[Black "Lacasa Diaz, Jose Antonio"]
[WhiteFideId "30905907"]
[BlackFideId "2203375"]
[WhiteElo "2580"]
[BlackElo "2338"]
[Result "1/2-1/2"]
[Round "08"]
[TimeControl "180+1"]
[Date "2022.12.21"]
[WhiteClock "0:00:07"]
[BlackClock "0:00:13"]

1. d4 d5 2. c4 e6 3. Nc3 c5 4. cxd5 exd5 5. Nf3 Nc6 6. g3 Nf6 7. Bg2 cxd4 8. Nxd4 Bc5 9. Nb3 Bb6 10. O-O d4 11. Na4 O-O 12. Bg5 h6 13. Nxb6 axb6 14. Bxf6 Qxf6 15. Bxc6 bxc6 16. Qxd4 Rd8 17. Qxf6 gxf6 18. Rfd1 Rxd1+ 19. Rxd1 Be6 20. Nd4 Rxa2 21. Nxc6 Rxb2 22. e4 Bg4 23. Rd8+ Kg7 24. Kg2 Rc2 25. Nd4 Rc4 26. h3 Be6 27. Kf3 Rc3+ 28. Kg2 Rc4 29. h4 h5 30. Kf3 Rc3+ 31. Kf4 Bc8 32. Rd6 Rc4 33. Ke3 Rc3+ 34. Kd2 Rc4 35. Kd3 Rb4 36. Kc3 Rb1 37. Kc2 Rb4 38. f3 Bh3 39. Kd2 Bc8 40. Ke3 Rb1 41. Rc6 Bh3 42. Kf4 Rb4 43. Rd6 Bc8 44. Rd8 Be6 45. Rd6 Bc8 46. Nc6 Rb1 47. Ne7 Be6 48. Rd8 b5 49. Rb8 b4 50. Nc6 b3 51. Nd4 b2 52. Rb7 Kg6 53. Ne2 Bc8 54. Rb8 Be6 55. Rb4 Bd7 56. Ke3 Be6 57. Kd2 Rf1 58. Rxb2 Rxf3 59. Rc2 Bg4 60. Nf4+ Kg7 61. Rc3 Rxc3 62. Kxc3 f5 63. e5 Kf8 64. Kd4 Ke7 65. Kd5 Kd7 66. Kc5 Ke7 67. Kc6 f6 68. e6 Bf3+ 69. Kc5 Bg4 70. Kd5 Bf3+ 71. Kd4 Bg4 72. Ke3 Bd1 73. Kd4 Bg4 74. Kd5 Bf3+ 75. Kc5 Bg4 76. Kc6 Bf3+ 77. Kc7 Bg4 78. Kc6 1/2-1/2


[Site "https://www.chess.com"]

[Event "Titled Tuesday Blitz December 20 Late 2022"]
[White "Young, Ryan"]
[Black "Goroshkov, Maksym"]
[WhiteFideId "2049945"]
[BlackFideId "14142716"]
[WhiteElo "2444"]
[BlackElo "2258"]
[Result "0-1"]
[Round "08"]
[TimeControl "180+1"]
[Date "2022.12.21"]
[WhiteClock "0:00:09"]
[BlackClock "0:00:59"]

1. e4 e5 2. Nf3 d6 3. d4 Bg4 4. dxe5 Nd7 5. exd6 Bxd6 6. Be2 Ngf6 7. Nc3 Qe7 8. O-O O-O-O 9. Be3 a6 10. a3 h5 11. b4 Ne5 12. b5 Nxf3+ 13. Bxf3 Bxh2+ 14. Kxh2 Rxd1 15. Bxd1 Qe5+ 16. Kg1 Qxc3 17. bxa6 bxa6 18. Rb1 Bxd1 19. Rfxd1 Rd8 20. Rdc1 Nxe4 21. Ba7 Rd2 22. Rb3 Qf6 23. Rf3 Qd6 24. Rxf7 Rd1+ 25. Rxd1 Qxd1+ 26. Kh2 Qxc2 27. Be3 Qc4 28. Rf4 Qd5 29. Rf8+ Kb7 30. Rf4 Nf6 31. Rb4+ Kc8 32. f3 a5 33. Ra4 Qb5 34. Rh4 g5 35. Rh3 Qe5+ 36. f4 Ng4+ 0-1


[Site "https://www.chess.com"]

[Event "Titled Tuesday Blitz December 20 Late 2022"]
[White "Yuan, Qingyu"]
[Black "Blanco Acevedo, Cristobal Jose"]
[WhiteFideId "8609772"]
[BlackFideId "3900525"]
[WhiteElo "2359"]
[BlackElo "2273"]
[Result "1-0"]
[Round "08"]
[TimeControl "180+1"]
[Date "2022.12.21"]
[WhiteClock "0:00:09"]
[BlackClock "0:00:01"]

1. e4 c5 2. Nf3 Nc6 3. Bb5 e6 4. Bxc6 bxc6 5. d3 Ne7 6. Nbd2 Ng6 7. h4 h5 8. e5 Be7 9. g3 f6 10. Nc4 Ba6 11. Qe2 Bxc4 12. dxc4 Qc7 13. Bf4 Nxf4 14. gxf4 O-O-O 15. O-O-O Rhe8 16. Rdg1 Bf8 17. Rg6 d5 18. exd6 Qxd6 19. Qe4 Rd7 20. Rgg1 Red8 21. b3 f5 22. Qe3 Be7 23. Rd1 Qxd1+ 24. Rxd1 Rxd1+ 25. Kb2 Bf6+ 26. Ka3 R8d6 27. Qxc5 Kb7 28. Qb4+ Kc7 29. Qa5+ Kb7 30. c5 R6d5 31. Qb4+ Kc7 32. Qa4 Kb7 33. Qb4+ Kc7 34. Qa5+ Kb7 35. b4 Be7 36. Ne5 R1d4 37. Ng6 Bf6 38. Kb3 Rd2 39. b5 R2d4 40. Qa6+ Kb8 41. bxc6 Rxc5 42. Qb7# 1-0


[Site "https://www.chess.com"]

[Event "Titled Tuesday Blitz December 20 Late 2022"]
[White "aidenzhouu"]
[Black "Tarnowska, Aleksandra"]
[BlackFideId "1180967"]
[WhiteElo "2395"]
[BlackElo "1776"]
[Result "1-0"]
[Round "08"]
[TimeControl "180+1"]
[Date "2022.12.21"]
[WhiteClock "0:00:24"]
[BlackClock "0:00:03"]

1. d4 d5 2. Bf4 Nf6 3. e3 c6 4. c4 Qb6 5. Qb3 Bf5 6. Nc3 Qxb3 7. axb3 a6 8. c5 Nbd7 9. h3 h6 10. Nf3 g5 11. Bh2 Bc2 12. b4 Rc8 13. Kd2 Bg6 14. Bd3 Ne4+ 15. Ke2 Bg7 16. Bxe4 dxe4 17. Nd2 f5 18. Nc4 O-O 19. Na5 f4 20. Nxb7 Rb8 21. Na5 Rxb4 22. Rhb1 Nb8 23. Ra4 Rxa4 24. Nxa4 e5 25. d5 cxd5 26. c6 Rc8 27. Nb6 Nxc6 28. Nxc8 Nxa5 29. Ne7+ Kf7 30. Nxd5 Bh5+ 31. Kd2 Nb3+ 32. Kc2 Nc5 33. g3 fxe3 34. Nxe3 Ke6 35. g4 Be8 36. b4 Nd3 37. Bg3 Bb5 38. Nf5 Bf6 39. Nxh6 Nf4 40. Nf5 Ne2 41. Rd1 Bd3+ 42. Rxd3 exd3+ 43. Kxd3 Nc1+ 44. Kc4 Na2 45. f3 Nc1 46. Kc5 Ne2 47. Bh2 Bd8 48. Ng3 Nc3 49. Ne4 Nxe4+ 50. fxe4 a5 51. b5 Bc7 52. b6 Bd6+ 53. Kb5 a4 54. Kxa4 Kd7 55. Kb5 Kc8 56. Kc6 Be7 57. b7+ Kb8 58. Bxe5+ Ka7 59. b8=Q+ Ka6 60. Qb6# 1-0


[Site "https://www.chess.com"]

[Event "Titled Tuesday Blitz December 20 Late 2022"]
[White "benny_aizenberg"]
[Black "Floresvillar Gonzalez, Luis Migu"]
[BlackFideId "5100542"]
[WhiteElo "2395"]
[BlackElo "2040"]
[Result "1-0"]
[Round "08"]
[TimeControl "180+1"]
[Date "2022.12.21"]
[WhiteClock "0:01:06"]
[BlackClock "0:00:02"]

1. e4 c5 2. Nf3 d6 3. d4 cxd4 4. Nxd4 Nf6 5. Nc3 Nc6 6. Bg5 h6 7. Bxf6 gxf6 8. Qd2 Nxd4 9. Qxd4 a6 10. O-O-O e6 11. f4 Be7 12. Bc4 b5 13. Bb3 Rg8 14. f5 Qc7 15. Rhf1 Rxg2 16. Rg1 Rxh2 17. Rg8+ Bf8 18. fxe6 Bxe6 19. Qxf6 Qe7 20. Qf4 Rh5 21. Nd5 Bxd5 22. Bxd5 O-O-O 23. Qg4+ f5 24. Qxh5 fxe4 25. Rf1 e3 26. Rf7 Qe5 27. Qxe5 dxe5 28. Rfxf8 Rxf8 29. Rxf8+ Kc7 30. Rf6 1-0


[Site "https://www.chess.com"]

[Event "Titled Tuesday Blitz December 20 Late 2022"]
[White "Adel, Sara"]
[Black "Bach, Matthias"]
[WhiteFideId "10616764"]
[BlackFideId "4603168"]
[WhiteElo "1997"]
[BlackElo "2165"]
[Result "0-1"]
[Round "09"]
[TimeControl "180+1"]
[Date "2022.12.21"]
[WhiteClock "0:00:16"]
[BlackClock "0:00:55"]

1. e4 e5 2. Nf3 Nc6 3. Bc4 Nf6 4. d3 Bc5 5. c3 d6 6. Qe2 Be6 7. b4 Bb6 8. Bb3 Qe7 9. Bc2 d5 10. a4 dxe4 11. dxe4 a6 12. b5 axb5 13. Qxb5 O-O 14. Nxe5 Nxe5 15. Qxe5 Bxf2+ 16. Kf1 Ng4 17. Qh5 Be3 18. Ba3 Qf6+ 19. Qf5 Bxf5 20. exf5 Bb6 21. h3 Ne3+ 22. Kg1 Nxc2+ 23. Kh2 Nxa1 24. Bxf8 Rxf8 25. Nd2 Qxc3 26. Nf3 c6 27. Rd1 Bc7+ 28. Kh1 Nc2 29. Rd7 Qa1+ 30. Ng1 Bb6 31. Kh2 Qxg1+ 32. Kg3 Ne3 33. Rxb7 Qxg2+ 34. Kf4 Nd5+ 35. Ke5 Bc7+ 36. Kd4 Qf2+ 37. Kc4 Qc2+ 38. Kd4 Qc3+ 0-1


[Site "https://www.chess.com"]

[Event "Titled Tuesday Blitz December 20 Late 2022"]
[White "Andreikin, Dmitry"]
[Black "Tang, Andrew"]
[WhiteFideId "4158814"]
[BlackFideId "2059630"]
[WhiteElo "2735"]
[BlackElo "2582"]
[Result "1-0"]
[Round "09"]
[TimeControl "180+1"]
[Date "2022.12.20"]
[WhiteClock "0:00:49"]
[BlackClock "0:00:43"]

1. Nf3 d5 2. g3 Nf6 3. Bg2 e6 4. O-O Be7 5. d3 O-O 6. Bf4 c5 7. a4 Nc6 8. e4 b6 9. e5 Nd7 10. Re1 Bb7 11. h4 a6 12. Nbd2 b5 13. Nf1 bxa4 14. Rxa4 Qb6 15. b3 Nd4 16. N1h2 Bc6 17. Ra2 a5 18. Nxd4 cxd4 19. Qg4 Rfc8 20. h5 Bf8 21. Nf3 a4 22. Bh6 Kh8 23. Ng5 Nxe5 24. Rxe5 Qc7 25. Rf5 Be8 26. Nxe6 1-0


[Site "https://www.chess.com"]

[Event "Titled Tuesday Blitz December 20 Late 2022"]
[White "Antonio, Jorge Carlos"]
[Black "Szyszylo, Rafal"]
[WhiteFideId "113190"]
[BlackFideId "1109626"]
[WhiteElo "2247"]
[BlackElo "1981"]
[Result "1-0"]
[Round "09"]
[TimeControl "180+1"]
[Date "2022.12.21"]
[WhiteClock "0:00:21"]
[BlackClock "0:00:10"]

1. d4 g6 2. Nf3 Nf6 3. c4 Bg7 4. Nc3 O-O 5. e4 d6 6. Be2 Na6 7. O-O e5 8. Be3 Qe8 9. dxe5 dxe5 10. a3 c6 11. h3 Nh5 12. Qc2 Nf4 13. b4 Nc7 14. Rfd1 Nxe2+ 15. Qxe2 Ne6 16. a4 f5 17. a5 f4 18. Bc5 Nxc5 19. bxc5 Qe7 20. Rd6 Be6 21. a6 bxa6 22. Rxc6 Rfc8 23. Raxa6 Rxc6 24. Rxc6 a5 25. Nd5 Bxd5 26. cxd5 a4 27. d6 Qe6 28. Rc7 a3 29. Ng5 Qb3 30. d7 Bf6 31. Rc8+ Kg7 32. Rxa8 Bxg5 33. c6 f3 34. Qxf3 Qb1+ 35. Kh2 Bf4+ 36. g3 a2 37. d8=Q a1=Q 38. Rxa1 Qxa1 39. Qd7+ Kh6 40. gxf4 Qc1 41. f5 gxf5 42. Qdxf5 Qxc6 43. Q3h5+ Kg7 44. Qhg5+ Qg6 45. Qgxg6+ hxg6 46. Qxe5+ Kh6 47. Kg3 g5 48. Kg4 Kg6 49. Qxg5+ Kf7 50. f4 Ke6 51. h4 Kd6 52. h5 Ke6 53. h6 Kd6 54. h7 Kc6 55. h8=Q Kd6 56. Qhh6+ Kd7 57. Qgg7+ Ke8 58. Qhh8# 1-0


[Site "https://www.chess.com"]

[Event "Titled Tuesday Blitz December 20 Late 2022"]
[White "ArchibaldCerveza29"]
[Black "aidenzhouu"]
[WhiteElo "2443"]
[BlackElo "2400"]
[Result "1-0"]
[Round "09"]
[TimeControl "180+1"]
[Date "2022.12.21"]
[WhiteClock "0:00:20"]
[BlackClock "0:00:10"]

1. d4 Nf6 2. c4 Nc6 3. Nf3 e6 4. Nc3 Bb4 5. Bg5 O-O 6. e3 d6 7. Rc1 h6 8. Bh4 e5 9. Be2 Qe7 10. O-O Bxc3 11. Rxc3 Bg4 12. d5 Nb8 13. Nd2 Bxe2 14. Qxe2 Nbd7 15. e4 a5 16. b3 g5 17. Bg3 h5 18. h4 g4 19. f3 Kh8 20. fxg4 Nxg4 21. Rf5 Ndf6 22. Nf3 Rg8 23. Ng5 Nh6 24. Rf1 Nfg4 25. Rcf3 f6 26. Ne6 Rg6 27. Be1 b6 28. Bd2 Rag8 29. Rg3 c5 30. a3 Qd7 31. Qd1 Qe7 32. Qc1 Qh7 33. b4 axb4 34. axb4 f5 35. exf5 Rf6 36. Rgf3 e4 37. Ng5 Qe7 38. Rf4 e3 39. Bc3 Ne5 40. Ne4 Qg7 41. Ng5 Rff8 42. Qxe3 Nhg4 43. Qe2 Qf6 44. g3 Rxg5 45. hxg5 Qxg5 46. f6 Rxf6 47. Rxf6 Nxf6 48. bxc5 Qxg3+ 49. Qg2 Qxc3 50. Rxf6 Ng4 51. Rf1 Qd4+ 52. Kh1 bxc5 53. Qf3 Qxc4 54. Qf8+ Kh7 55. Rf7+ Kg6 56. Qg7# 1-0


[Site "https://www.chess.com"]

[Event "Titled Tuesday Blitz December 20 Late 2022"]
[White "Baches Garcia, Guillermo"]
[Black "Novikova, Galina"]
[WhiteFideId "2209764"]
[BlackFideId "4157095"]
[WhiteElo "2470"]
[BlackElo "1953"]
[Result "0-1"]
[Round "09"]
[TimeControl "180+1"]
[Date "2022.12.21"]
[WhiteClock "0:00:04"]
[BlackClock "0:00:15"]

1. e4 e6 2. d4 d5 3. exd5 exd5 4. Nf3 Nc6 5. Bb5 Bg4 6. h3 Bh5 7. g4 Bg6 8. Ne5 Ne7 9. Qe2 Qd6 10. Nxc6 bxc6 11. Bd3 Bxd3 12. Qxd3 g6 13. Nc3 Bg7 14. Be3 O-O 15. O-O-O Rab8 16. b3 Qa3+ 17. Kb1 a5 18. Rhe1 a4 19. Bc1 Qd6 20. Nxa4 Nc8 21. Bb2 Nb6 22. Nc5 Nd7 23. Qg3 Nxc5 24. dxc5 Qxc5 25. Bxg7 Kxg7 26. Qxc7 Qa3 27. Qxc6 Ra8 28. Qc3+ Kg8 29. Qb2 Qc5 30. Re5 Rfd8 31. h4 Qxf2 32. h5 Qf3 33. Rde1 Qxg4 34. h6 d4 35. Qc1 d3 36. cxd3 Qd4 37. Qc4 Qxc4 38. dxc4 Kf8 39. Rf1 Ra7 40. Re2 f5 41. Kb2 Kf7 42. Kc3 Kf6 43. a4 g5 44. c5 f4 45. Ref2 Re7 46. Kc4 Kf5 47. b4 Re4+ 48. Kb5 Rb8+ 49. Kc6 Rbxb4 50. a5 Ra4 51. Kb6 Reb4+ 52. Kc7 Rxa5 53. c6 Rc4 54. Kd7 Rd5+ 55. Ke7 Rxc6 0-1


[Site "https://www.chess.com"]

[Event "Titled Tuesday Blitz December 20 Late 2022"]
[White "Bambino Filho, Antonio Carlos"]
[Black "Kim, Sergey"]
[WhiteFideId "2113163"]
[BlackFideId "13700570"]
[WhiteElo "2423"]
[BlackElo "2486"]
[Result "1-0"]
[Round "09"]
[TimeControl "180+1"]
[Date "2022.12.21"]
[WhiteClock "0:00:06"]
[BlackClock "0:00:05"]

1. e4 e5 2. Nf3 Nc6 3. Bc4 Bc5 4. O-O Nf6 5. d3 d6 6. c3 a6 7. a4 Ba7 8. Be3 O-O 9. Bxa7 Rxa7 10. Nbd2 Nh5 11. Re1 Qf6 12. Nf1 Nf4 13. Ne3 Ne7 14. g3 Nh3+ 15. Kg2 c6 16. d4 Ra8 17. a5 Qh6 18. Qd2 Ng6 19. dxe5 dxe5 20. Nf5 Qxd2 21. Nxd2 Ng5 22. Nd6 Bh3+ 23. Kg1 Rab8 24. Nb3 Nf3+ 25. Kh1 Nxe1 26. Rxe1 Be6 27. Bxe6 fxe6 28. Kg2 Rfd8 29. Nc4 h5 30. h4 Rf8 31. Nc5 Rf7 32. Nxe6 Re8 33. Nc5 Ref8 34. Re2 Rd8 35. Ne6 Rd3 36. Ng5 Rfd7 37. Nf3 Rd1 38. Nfxe5 Nxe5 39. Nxe5 R7d2 40. Rxd2 Rxd2 41. Nc4 Rd1 42. Kf3 Kf7 43. Ke2 Ra1 44. b4 Ke6 45. f4 g6 46. Ne5 Rc1 47. Kd3 Rg1 48. Nxg6 Rxg3+ 49. Kd4 Kf6 50. f5 Rg4 51. Nf8 Rxh4 52. Nd7+ Ke7 53. Ne5 Rh1 54. Nc4 h4 55. Ke5 Rf1 56. Ne3 Rf3 57. Ng4 h3 58. f6+ Kf7 59. Kd6 h2 60. Ne5+ Kf8 61. Nxf3 h1=Q 62. Nd4 Qxe4 63. Ne6+ Kf7 64. Ng5+ 1-0


[Site "https://www.chess.com"]

[Event "Titled Tuesday Blitz December 20 Late 2022"]
[White "Bas Mas, Jose Joaquin"]
[Black "Young, Ryan"]
[WhiteFideId "22219064"]
[BlackFideId "2049945"]
[WhiteElo "2233"]
[BlackElo "2440"]
[Result "1-0"]
[Round "09"]
[TimeControl "180+1"]
[Date "2022.12.21"]
[WhiteClock "0:00:07"]
[BlackClock "0:00:26"]

1. e4 c5 2. Nc3 d6 3. f4 g6 4. Bb5+ Bd7 5. a4 Bg7 6. Nf3 e6 7. O-O Ne7 8. d3 O-O 9. Qe1 a6 10. Bc4 Nbc6 11. Ba2 Nd4 12. Nxd4 cxd4 13. Ne2 Bc6 14. Bb3 Qb6 15. a5 Qc7 16. Qf2 d5 17. e5 Nf5 18. Nxd4 Nxd4 19. Qxd4 Rac8 20. Bd2 Bb5 21. Bb4 Rfd8 22. Rae1 Bf8 23. g4 Bc5 24. Bxc5 Qxc5 25. Qxc5 Rxc5 26. f5 Bd7 27. fxg6 hxg6 28. Rf6 Rxa5 29. Ref1 Be8 30. d4 Rc8 31. h4 Kg7 32. h5 gxh5 33. gxh5 Rc7 34. Kh2 Ba4 35. Rg1+ Kh7 36. Bxa4 Rxa4 37. c3 Ra2 38. Rg2 b5 39. h6 b4 40. cxb4 Ra4 41. Rg7+ Kh8 42. Rfxf7 Rxf7 43. Rxf7 Rxb4 44. Re7 Rb6 45. Kg3 a5 46. Kg4 a4 47. Kg5 Rb8 48. Kg6 Rg8+ 49. Kf6 Rb8 50. Kxe6 Rb6+ 51. Kxd5 Rxh6 52. e6 Rh2 53. Kd6 Rxb2 54. Ra7 Rb6+ 55. Ke5 Kg8 56. Rxa4 Rb5+ 57. d5 Rb1 58. Ra7 Re1+ 59. Kd6 Rb1 60. Ra8+ Kg7 61. e7 Re1 62. Kd7 Rd1 63. e8=Q Rxd5+ 64. Kc6 Rf5 65. Ra7+ Kf6 66. Qd8+ Kg6 67. Qd6+ Rf6 68. Qxf6+ Kxf6 69. Rd7 Kf5 70. Rd1 Kf4 71. Kd5 Ke3 72. Re1+ Kf2 73. Re4 Kf3 74. Kd4 Kg3 75. Re3+ Kf4 76. Re2 Kf5 77. Re1 Kf6 78. Kd5 Kf5 79. Rf1+ Kg4 80. Ke4 Kg3 81. Rf8 Kg2 82. Ke3 Kg1 83. Ke2 Kg2 84. Rg8+ Kh3 85. Kf3 Kh4 86. Rg1 Kh5 87. Kf4 Kh6 88. Kf5 Kh7 89. Kf6 Kh8 90. Kf7 Kh7 91. Rh1# 1-0


[Site "https://www.chess.com"]

[Event "Titled Tuesday Blitz December 20 Late 2022"]
[White "Battlecruiser_Operational"]
[Black "Broca Jimenez, Fernando"]
[BlackFideId "5104742"]
[WhiteElo "2408"]
[BlackElo "2062"]
[Result "1-0"]
[Round "09"]
[TimeControl "180+1"]
[Date "2022.12.21"]
[WhiteClock "0:01:50"]
[BlackClock "0:00:04"]

1. e4 c5 2. d3 g6 3. f4 Bg7 4. Nf3 Nc6 5. g3 d6 6. Bg2 e6 7. O-O Nge7 8. c3 O-O 9. Na3 b6 10. Be3 Bb7 11. Nc2 d5 12. e5 f5 13. exf6 Bxf6 14. Bf2 Qd7 15. Re1 Rae8 16. Qd2 Nc8 17. Re2 Nd6 18. Rae1 Bc8 19. a3 a6 20. b4 c4 21. Bxb6 cxd3 22. Qxd3 Nc4 23. Bc5 Rf7 24. Bh3 Nb2 25. Qd2 Nd8 26. Ne3 1-0


[Site "https://www.chess.com"]

[Event "Titled Tuesday Blitz December 20 Late 2022"]
[White "Belenkaya, Dina"]
[Black "Torres Dominguez, David"]
[WhiteFideId "24142654"]
[BlackFideId "2220857"]
[WhiteElo "2209"]
[BlackElo "2037"]
[Result "0-1"]
[Round "09"]
[TimeControl "180+1"]
[Date "2022.12.21"]
[WhiteClock "0:00:03"]
[BlackClock "0:00:04"]

1. Nf3 d5 2. g3 Nf6 3. Bg2 c6 4. d3 Bf5 5. Nbd2 h6 6. O-O e6 7. Qe1 Bh7 8. e4 Be7 9. b3 O-O 10. Bb2 a5 11. a4 Na6 12. e5 Nd7 13. Nd4 Nb4 14. Rc1 Na2 15. Rd1 Nb4 16. Rc1 Na2 17. f4 Nxc1 18. Bxc1 b5 19. Kh1 Rc8 20. axb5 cxb5 21. g4 a4 22. bxa4 bxa4 23. Bb2 a3 24. Ba1 Qa5 25. Qe2 a2 26. N2b3 Qd8 27. f5 Bg5 28. fxe6 fxe6 29. Nxe6 Rxf1+ 30. Qxf1 Qe7 31. Bxd5 Kh8 32. c4 Nc5 33. Nexc5 Rxc5 34. Nxc5 Qxc5 35. e6 Qb4 36. Kg2 Bg6 37. Qe2 Qb1 38. Qb2 Qxb2+ 39. Bxb2 Bf6 40. d4 Be8 41. c5 Kg8 42. e7+ Kh7 43. Bxa2 Bxe7 44. Bd5 Kg6 45. Be4+ Kf7 46. Kf3 Bd7 0-1


[Site "https://www.chess.com"]

[Event "Titled Tuesday Blitz December 20 Late 2022"]
[White "Berezin, Viktor"]
[Black "Tologon tegin, Semetei"]
[WhiteFideId "14107872"]
[BlackFideId "13800574"]
[WhiteElo "2310"]
[BlackElo "2264"]
[Result "0-1"]
[Round "09"]
[TimeControl "180+1"]
[Date "2022.12.21"]
[WhiteClock "0:02:18"]
[BlackClock "0:01:54"]

1. d4 Nf6 2. Nf3 e6 3. c4 Bb4+ 4. Nbd2 b6 5. g3 Ba6 6. b3 d5 7. Qc2 Ne4 8. Bg2 O-O 9. O-O f5 10. Bb2 c6 11. Ne5 Nxd2 12. Rfd1 Ne4 13. c5 bxc5 14. dxc5 Ba5 15. b4 Bxb4 16. Qa4 Qa5 0-1


[Site "https://www.chess.com"]

[Event "Titled Tuesday Blitz December 20 Late 2022"]
[White "Blanco Acevedo, Cristobal Jose"]
[Black "benny_aizenberg"]
[WhiteFideId "3900525"]
[WhiteElo "2273"]
[BlackElo "2403"]
[Result "0-1"]
[Round "09"]
[TimeControl "180+1"]
[Date "2022.12.21"]
[WhiteClock "0:00:03"]
[BlackClock "0:00:45"]

1. e4 c5 2. Nf3 d6 3. d4 cxd4 4. Nxd4 Nf6 5. Nc3 a6 6. Be2 e5 7. Nb3 Be7 8. O-O O-O 9. Bf3 Be6 10. a4 Nbd7 11. a5 b5 12. Re1 Qc7 13. Be3 Rac8 14. Re2 Nc5 15. Nxc5 dxc5 16. Rd2 Rfd8 17. Nd5 Bxd5 18. exd5 e4 19. Be2 Qe5 20. c4 b4 21. g3 Ne8 22. Bg4 f5 23. Bh3 Nd6 24. Bf4 Qf6 25. b3 Rf8 26. Be3 g5 27. f4 exf3 28. Rc2 Ne4 29. Raa2 Nc3 30. Qd2 Nxa2 31. Rxa2 g4 32. Bf1 Bd6 33. Bg5 Qc3 34. Qf2 Qxb3 35. Rb2 Qc3 36. Rc2 Qg7 37. Bc1 Be5 38. Kh1 b3 39. Rd2 Bd4 40. Qe1 b2 41. Bxb2 Bxb2 42. Qe6+ Kh8 43. d6 Qe5 0-1


[Site "https://www.chess.com"]

[Event "Titled Tuesday Blitz December 20 Late 2022"]
[White "Bogaudinov, Rushan"]
[Black "Kaplan, Avi Harrison"]
[WhiteFideId "4129288"]
[BlackFideId "30934559"]
[WhiteElo "2028"]
[BlackElo "1983"]
[Result "0-1"]
[Round "09"]
[TimeControl "180+1"]
[Date "2022.12.21"]
[WhiteClock "0:00:03"]
[BlackClock "0:00:09"]

1. d4 Nf6 2. Nf3 b5 3. g3 Bb7 4. Bg2 e6 5. O-O c5 6. a4 b4 7. e3 a5 8. Nbd2 Qc7 9. Re1 d6 10. c4 Be7 11. b3 O-O 12. Bb2 Nbd7 13. Qe2 Rac8 14. Rad1 Rfd8 15. e4 cxd4 16. Nxd4 e5 17. Nb5 Qb6 18. h3 Nc5 19. Kh2 Ne6 20. Nf1 Ng5 21. f3 h5 22. Bc1 Ne6 23. Be3 Qa6 24. h4 Bc6 25. Bh3 Rb8 26. Rd2 Nc5 27. Rb1 Bxb5 28. axb5 Qb6 29. Ra2 Qc7 30. Nd2 Ra8 31. Rba1 Nfd7 32. f4 exf4 33. gxf4 Bf6 34. Rg1 Qb7 35. Bg2 g6 36. e5 Qb8 37. Bxa8 Qxa8 38. exf6 Nxf6 39. Qf3 Qc8 40. Bxc5 dxc5 41. Ne4 Ng4+ 42. Rxg4 hxg4 43. Qxg4 Qc7 44. Ng3 Kh7 45. h5 Rd3 46. Rg2 Rxb3 47. hxg6+ fxg6 48. f5 gxf5 49. Qxf5+ Kg7 50. Qg5+ Kh7 51. b6 Qxb6 52. Qf5+ Qg6 53. Qxg6+ Kxg6 54. Ne4+ Kf5 55. Nxc5 Rc3 56. Nb7 a4 57. Na5 a3 58. Rf2+ Ke4 59. Ra2 Kd4 60. Kg2 Kc5 61. Kf2 Kb6 62. Ke2 Kxa5 63. Rd2 Rxc4 64. Rd5+ Ka4 65. Kd3 Rc3+ 66. Kd2 a2 67. Rd6 Kb3 68. Ra6 Kb2 69. Kd1 Rc1+ 70. Kd2 a1=Q 71. Rxa1 Rxa1 0-1


[Site "https://www.chess.com"]

[Event "Titled Tuesday Blitz December 20 Late 2022"]
[White "Bryant, Todd"]
[Black "Biernacki, Mark"]
[WhiteFideId "2031299"]
[BlackFideId "2082322"]
[WhiteElo "2326"]
[BlackElo "1970"]
[Result "1-0"]
[Round "09"]
[TimeControl "180+1"]
[Date "2022.12.21"]
[WhiteClock "0:00:08"]
[BlackClock "0:00:03"]

1. e4 c5 2. Nf3 e6 3. d4 cxd4 4. Nxd4 Nf6 5. Nc3 Nc6 6. Be3 Bb4 7. f3 d5 8. a3 Bxc3+ 9. bxc3 dxe4 10. Nxc6 Qxd1+ 11. Rxd1 bxc6 12. fxe4 Nxe4 13. Bd4 f6 14. Be2 e5 15. Be3 Nxc3 16. Rd6 Nxe2 17. Kxe2 Ba6+ 18. Kf2 Bb5 19. Bc5 O-O 20. Rd7 Rfd8 21. Rhd1 Rxd7 22. Rxd7 a5 23. h4 Ba4 24. c3 Rb8 25. Ra7 Rb2+ 26. Kg1 Rc2 27. Rxa5 Rxc3 28. Bb4 Rc1+ 29. Kh2 Bb3 30. h5 g6 31. h6 Rc4 32. Kg3 f5 33. Ra8+ Kf7 34. Ra7+ Kg8 35. Rg7+ Kh8 36. Be7 Rc3+ 37. Kh2 Rd3 38. Bf6 Rd6 39. Bxe5 Re6 40. Re7+ Rxe5 41. Rxe5 Kg8 42. Kg3 Kf7 43. Kf4 Bd5 44. Re3 Kf6 45. Rg3 Be4 46. Rg5 c5 47. g4 c4 48. gxf5 Bxf5 49. Rg3 g5+ 50. Rxg5 Bd3 51. Rg3 Bb1 52. Ke3 c3 53. Kd4 c2 54. Rc3 Kg6 55. a4 Kxh6 56. a5 Ba2 57. a6 1-0


[Site "https://www.chess.com"]

[Event "Titled Tuesday Blitz December 20 Late 2022"]
[White "Carlsen, Magnus"]
[Black "Chigaev, Maksim"]
[WhiteFideId "1503014"]
[BlackFideId "4108116"]
[WhiteElo "2830"]
[BlackElo "2542"]
[Result "1-0"]
[Round "09"]
[TimeControl "180+1"]
[Date "2022.12.20"]
[WhiteClock "0:00:43"]
[BlackClock "0:00:03"]

1. Nf3 Nf6 2. g3 g6 3. Bg2 Bg7 4. O-O O-O 5. d3 c5 6. c4 Nc6 7. Nc3 d6 8. Rb1 Qd7 9. a3 b6 10. b4 Bb7 11. b5 Ne5 12. e4 e6 13. Bb2 Nxf3+ 14. Qxf3 Qe7 15. Qe2 Nd7 16. f4 a6 17. a4 axb5 18. axb5 Ra5 19. Ra1 Rfa8 20. Rxa5 Rxa5 21. h3 Ra8 22. Kh2 Bd4 23. Qd2 Qf8 24. Ne2 Bxb2 25. Qxb2 Qg7 26. Qxg7+ Kxg7 27. Nc3 Ra3 28. Rc1 h5 29. Kg1 e5 30. h4 Nf6 31. Bh3 Ng4 32. Bxg4 hxg4 33. fxe5 dxe5 34. Kf2 f5 35. Ke3 Kf6 36. Nd5+ Bxd5 37. cxd5 Ke7 38. h5 gxh5 39. exf5 Kf6 40. d6 Kxf5 41. d7 Ra8 42. Rh1 Kg6 43. Ra1 Rd8 44. Ra6 Rxd7 45. Rxb6+ Kg5 46. Re6 Kf5 47. Rc6 Rh7 48. b6 h4 49. gxh4 Rg7 50. h5 g3 51. Rg6 Rb7 52. Kf3 c4 53. dxc4 e4+ 54. Kxg3 Ke5 55. c5 Kd5 56. Rg5+ Kc6 57. Re5 Rf7 58. Kg4 Rf1 59. Rxe4 1-0


[Site "https://www.chess.com"]

[Event "Titled Tuesday Blitz December 20 Late 2022"]
[White "Caruana, Fabiano"]
[Black "Tari, Aryan"]
[WhiteFideId "2020009"]
[BlackFideId "1510045"]
[WhiteElo "2847"]
[BlackElo "2620"]
[Result "1-0"]
[Round "09"]
[TimeControl "180+1"]
[Date "2022.12.20"]
[WhiteClock "0:00:11"]
[BlackClock "0:00:02"]

1. c4 e5 2. Nc3 Bb4 3. Nd5 Be7 4. Nf3 d6 5. d4 Nf6 6. Nc3 exd4 7. Nxd4 d5 8. Bf4 O-O 9. e3 dxc4 10. Bxc4 a6 11. a4 c5 12. Nf3 Nc6 13. O-O Na5 14. Ba2 c4 15. Qe2 Be6 16. Nd4 Qb6 17. Rfd1 Bg4 18. f3 Bh5 19. Nf5 Bc5 20. Nd5 Nxd5 21. Rxd5 Bg6 22. Kh1 Rae8 23. e4 Bxf5 24. Rxf5 Bd4 25. Rd1 Bf6 26. Be3 Qc7 27. Rc5 Nc6 28. Bxc4 Qb6 29. Rb5 Qc7 30. Rbd5 Rc8 31. Rd7 Qa5 32. Rxb7 Qxa4 33. b3 Qa3 34. f4 Na5 35. Rbd7 Nxc4 36. bxc4 Be7 37. e5 Bc5 38. Bc1 Qa4 39. e6 fxe6 40. Bb2 Rf7 41. Qxe6 Rf8 42. f5 Qb3 43. Ba1 Qb6 44. Rxf7 Rxf7 45. Qd5 Bf8 46. h3 Qc7 47. Rf1 Qd7 48. Qe4 Qc7 49. Be5 Qe7 50. f6 gxf6 51. Qg4+ Rg7 52. Bxf6 Rxg4 53. Bxe7 Bxe7 54. hxg4 Bb4 55. Rf5 a5 56. c5 a4 57. c6 Bd6 58. Rd5 1-0


[Site "https://www.chess.com"]